 Dungeon Crawl Stone Soup version 0.20-a0-555-gf6ae02d (webtiles) character file.

44 Lahna the Conjurer (level 3, 0/19 HPs)
             Began as a Deep Elf Conjurer on Feb 5, 2017.
             Slain by a worm (8 damage)
             ... on level 1 of the Dungeon.
             The game lasted 00:01:53 (938 turns).

Lahna the Conjurer (Deep Elf Conjurer)               Turns: 938, Time: 00:01:54

Health: 0/19       AC:  2    Str:  5    XL:     3   Next: 41%
Magic:  3/9        EV: 13    Int: 20    God:
Gold:   22         SH:  0    Dex: 18    Spells: 7/8 levels left

rFire    . . .     SeeInvis .   p - +0 short sword
rCold    . . .     Gourm    .   a - +0 robe
rNeg     . . .     Faith    .   (no shield)
rPois    .         Spirit   .   (no helmet)
rElec    .         Reflect  .   (no cloak)
rCorr    .         Harm     .   (no gloves)
MR       .....                  (no boots)
Stlth    ++........             (no amulet)
Regen    0.1/turn               (no ring)
                                m - +3 ring of dexterity

@: no status effects
A: no striking features
a: no special abilities


You were on level 1 of the Dungeon.
You were not hungry.

You visited 1 branch of the dungeon, and saw 2 of its levels.

You collected 22 gold pieces.

Inventory:

Hand Weapons
 p - a +0 short sword (weapon)
Armour
 a - a +0 robe (worn)
Jewellery
 m - a +3 ring of dexterity (left hand)
Scrolls
 g - 2 scrolls of blinking {unknown}
 h - 2 scrolls of teleportation {unknown}
 k - a scroll of identify {unknown}
 n - a scroll of amnesia {unknown}
Potions
 e - 3 potions of flight {unknown}
 i - a potion of curing {unknown}
 j - a potion of cancellation {unknown}
 l - a potion of degeneration {unknown}
 o - 2 potions of heal wounds {unknown}
Books
 b - a book of Conjurations

   Spells                             Type                      Level
   a - Magic Dart                     Conjuration                  1
   b - Searing Ray                    Conjuration                  2
   c - Dazzling Spray                 Conjuration/Hexes            3
   d - Fulminant Prism                Conjuration/Hexes            4
   e - Iskenderun's Mystic Blast      Conjuration                  4
   f - Iskenderun's Battlesphere      Conjuration/Charms           5
Comestibles
 c - 2 bread rations
 d - 2 royal jellies
 f - 4 chunks of flesh


   Skills:
 - Level 2.4 Dodging
 - Level 2.4 Stealth
 + Level 3.0 Spellcasting
 + Level 5.7 Conjurations


You had 7 spell levels left.
You knew the following spells:

 Your Spells              Type           Power        Failure   Level  Hunger
a - Magic Dart            Conj           ####         1%          1    None


Dungeon Overview and Level Annotations

Branches:
Dungeon (2/15)

Altars:

Annotations:
D:2 Robin, Terence


Message History

The goblin hits you but does no damage.
Unknown command.
Casting: Magic Dart
Confirm with . or Enter, or press ? or * to list all spells.
Aiming: Magic Dart
Press: ? - help, Shift-Dir - straight line, f/p - worm
Aim: a worm (heavily wounded)
The magic dart hits the worm.
The worm is heavily wounded.
The goblin hits you but does no damage. The worm bites you!
* * * LOW HITPOINT WARNING * * *
Casting: Magic Dart
Confirm with . or Enter, or press ? or * to list all spells.
Aiming: Magic Dart
Press: ? - help, Shift-Dir - straight line, f/p - worm
Aim: a worm (moderately wounded)
The magic dart hits the worm.
The worm is heavily wounded.
The goblin hits you but does no damage. The worm bites you!
You die...

########################
>...............g@.....#
###########.....w...##.#
#.........##.#
#.........##.#
#.........##.#
#.........##.#
#.........##.# ########
#.........##.# .......#
#.........+..#


You could see a worm and a goblin.

Vanquished Creatures
  A gnoll (D:1)
  2 worms (D:2)
  A bat (D:2)
  A giant cockroach (D:2)
  7 goblins
  4 hobgoblins
  8 kobolds
  A frilled lizard (D:1)
25 creatures vanquished.

Notes
Turn   | Place    | Note
-------+----------+-------------------------------------------
     0 | D:1      | Lahna the Deep Elf Conjurer began the quest for the Orb.
     0 | D:1      | Reached XP level 1. HP: 10/10 MP: 6/6
   186 | D:1      | Reached XP level 2. HP: 15/15 MP: 5/8
   283 | D:1      | Reached skill level 5 in Conjurations
   603 | D:2      | Reached XP level 3. HP: 13/19 MP: 1/9
   908 | D:2      | Noticed Terence
   909 | D:2      | Noticed Robin
   938 | D:1      | Slain by a worm

Vault maps used:
D:1:      wheals_arrival_shading
D:2:      xom_redecorated, uniq_terence, uniq_robin

Skill      XL: |  1  2 |
---------------+-------+-----
Conjurations   | 5 |  5.7
Dodging        | |  2.4
Stealth        | |  2.4
Spellcasting   | |  3.0

Action                   || total
-------------------------++-------
Melee: Short sword       ||    10
 Cast: Magic Dart        ||    66
Armor: Robe              ||     5
Dodge: Dodged            ||    28
